Construct Infanterie Kompanie
Construct Infanterie Kompanie
Construct Panzergrenadier Kompanie
Construct Panzergrenadier Kompanie
Construct Luftwaffe Kompanie
Selects Mechanized Battlegroup
Selects StuG Assault Group
Luftwaffe Officer Quarters
Selects Mobile Repair Stations
Selects Wespe Self-propelled Artillery
Wespe Self-propelled Artillery
Wespe Self-propelled Artillery
Construct Panzer Kompanie
Selects Zeroing Artillery Barrage
Selects UNKNOWN (2160084)
Zeroing Artillery Barrage
Zeroing Artillery Barrage